 Dungeon Crawl Stone Soup version 0.31-a0-175-g9f7f995f2b (webtiles) character file.

Game seed: 5902422684682152719

316 qw the Chopper (level 6, -8/38 HPs)
             Began as a Gargoyle Fighter on June 17, 2023.
             Mangled by an orc warrior
             ... wielding a +0 battleaxe
              (11 damage)
             ... on level 4 of the Dungeon.
             The game lasted 00:01:28 (3079 turns).

qw the Chopper (Gargoyle Fighter)                   Turns: 3079, Time: 00:01:28

Health: -8/38      AC: 19    Str: 21    XL:     6   Next: 44%
Magic:  6/6        EV:  5    Int:  9    God:
Gold:   10         SH:  4    Dex:  9    Spells: 5/5 levels left

rFire   . . .        Y - +0 war axe
rCold   . . .        c - +0 buckler
rNeg    + . .        k - +0 plate armour
rPois   inf          b - +0 helmet
rElec   +            (no cloak)
rCorr   .            (no gloves)
SInv    .            n - +1 pair of boots
Will    .....        (no amulet) Stlth
                     (no ring)
HPRegen 0.26/turn    (no ring)
MPRegen 0.10/turn

%: no passive effects
@: no status effects
A: sickness immunity, AC +4, negative energy resistance 1, electricity
resistance, torment resistance 1, petrification resistance
a: no special abilities


You were on level 4 of the Dungeon.
You visited 1 branch of the dungeon, and saw 4 of its levels.

You collected 131 gold pieces.
You spent 121 gold pieces at shops.


Innate Abilities, Weirdness & Mutations

You are immune to sickness and miasma.
Your stone body is resilient. (AC +4)
You are immune to poison.
You resist negative energy. (rN+)
You are resistant to electric shocks. (rElec)
You are resistant to unholy torment.
You are immune to petrification.


   Skills:
 - Level 4.0 Fighting
 + Level 5.5 Axes
 - Level 1.0 Throwing
 - Level 3.2 Armour
 - Level 3.2 Shields


You had 5 spell levels left.
You didn't know any spells.
Your spell library was empty.

Inventory:

Hand Weapons
 e - a +0 mace
 h - a +0 flail
 Y - a +0 war axe (weapon)
Armour
 b - a +0 helmet (worn)
 c - a +0 buckler (worn)
 k - a +0 plate armour (worn)
 n - a +1 pair of boots (worn)
Scrolls
 m - a scroll of identify
Potions
 a - 4 potions of curing
 d - 3 potions of might
 f - a potion of lignification
 g - a potion of degeneration {unknown}
 i - 2 potions of mutation {unknown}
 j - 3 potions of attraction
 l - a potion of magic

Dungeon Overview and Level Annotations

Branches:
Dungeon (4/15)
 Temple: D:4-7

Altars:
Fedhas
Xom

Shops:
D:4 *


Message History

You barely miss the orc warrior.
The orc warrior is moderately wounded.
The orc warrior hits you but does no damage.
You barely miss the orc warrior.
The orc warrior is moderately wounded.
The orc warrior hits you with a +0 battleaxe! x2
You barely miss the orc warrior.
The orc warrior is moderately wounded.
You block the orc warrior's attack.
You closely miss the orc warrior.
The orc warrior is moderately wounded.
You block the orc warrior's attack.
You closely miss the orc warrior.
The orc warrior is moderately wounded.
The orc warrior closely misses you.
The orc warrior hits you but does no damage.
You hit the orc warrior but do no damage.
The orc warrior is moderately wounded.
You block the orc warrior's attack.
You hit the orc warrior.
The orc warrior is moderately wounded.
The orc warrior hits you but does no damage.
You hit the orc warrior but do no damage.
The orc warrior is moderately wounded.
The orc warrior hits you with a +0 battleaxe!
You slash the orc warrior!
The orc warrior is severely wounded.
The orc warrior hits you but does no damage.
The orc warrior completely misses you.
You completely miss the orc warrior.
The orc warrior is heavily wounded.
The orc warrior hits you but does no damage.
You hit the orc warrior.
The orc warrior is severely wounded.
The orc warrior hits you but does no damage.
You barely miss the orc warrior.
The orc warrior is severely wounded.
The orc warrior hits you with a +0 battleaxe.
The orc warrior hits you with a +0 battleaxe!
You die...

######.)####.....#.
#...#..# #####.#.
#...#..# #...
#...#..# ###.
#...#..#### #.
#.........# #.
#...##.##....# ..
#..#.#... ...# ##
#@.##.:##.#.!. .
.....So)#..### # #
### .......#.###
#<# ......# ## #.#
...(.. # #.# ......
#####.#.# .....
......... .....
#####.#.. .[.....


You could see an orc warrior and an adder.

Vanquished Creatures
  A water moccasin (D:3)
  A hound (D:4)
  Robin (D:3)
  6 adders
  A shadow imp (D:3)
  A worm (D:2)
  3 dart slugs
  2 orcs (D:4)
  12 bats
  5 endoplasms
  2 giant cockroaches
  14 goblins
  9 hobgoblins
  9 jackals
  7 kobolds
  6 ball pythons
  3 frilled lizards
  10 rats
93 creatures vanquished.

Notes
Turn   | Place    | Note
-------+----------+-------------------------------------------
     0 | D:1      | qw the Gargoyle Fighter began the quest for the Orb.
     0 | D:1      | Reached XP level 1. HP: 14/14 MP: 1/1
     0 | D:1      | 0 ||| qw: Version: 0.3-a-3-g30531e4
     0 | D:1      | 0 ||| qw: Game counter: 391
     0 | D:1      | 0 ||| qw: Always use a shield: true
     0 | D:1      | 0 ||| qw: God list: Okawaru
     0 | D:1      | 0 ||| qw: Allow faded altars: false
     0 | D:1      | 0 ||| qw: Do Orc after D:15 true
     0 | D:1      | 0 ||| qw: Do second Lair branch before Depths: true
     0 | D:1      | 0 ||| qw: Lair rune preference: random
     0 | D:1      | 0 ||| qw: Plans: Normal, Zot:1-4, Slime:5, God:TSO, Crypt,
                  | Tomb, Abyss, Pan, Hells, Win
     0 | D:1      | 0 ||| PLANNING D:1-11
    21 | D:1      | 21 ||| Stepping ~*~*~tactically~*~*~ (stealth).
    32 | D:1      | Reached skill level 2 in Axes
    67 | D:1      | Reached XP level 2. HP: 19/19 MP: 2/2
   161 | D:1      | 161 ||| Stepping ~*~*~tactically~*~*~ (hiding).
   163 | D:1      | 163 ||| Stepping ~*~*~tactically~*~*~ (hiding).
   173 | D:1      | Reached skill level 3 in Axes
   207 | D:1      | Reached XP level 3. HP: 23/23 MP: 3/3
   255 | D:1      | 255 ||| Stepping ~*~*~tactically~*~*~ (stealth).
   258 | D:1      | 258 ||| Stepping ~*~*~tactically~*~*~ (stealth).
   485 | D:1      | 485 ||| Stepping ~*~*~tactically~*~*~ (stealth).
   497 | D:1      | 497 ||| Stepping ~*~*~tactically~*~*~ (stealth).
   609 | D:1      | 609 ||| Stepping ~*~*~tactically~*~*~ (stealth).
   728 | D:1      | 728 ||| UPGRADING to +0 pair of boots.
   733 | D:1      | 733 ||| READING scroll labelled MOCYUXTUNU.
   734 | D:1      | 734 ||| READING scroll labelled EJEISK OMAP.
   735 | D:1      | 735 ||| READING scroll labelled YGUBO OTYSU.
   736 | D:1      | 736 ||| READING scroll labelled ACAKETR ZOUCK.
   737 | D:1      | 737 ||| READING 2 scrolls labelled EGEUSO GOPREO.
   738 | D:1      | 738 ||| DRINKING 2 murky puce potions.
   739 | D:1      | 739 ||| DRINKING 2 golden potions.
   740 | D:1      | 740 ||| DROPPING scroll of blinking.
   762 | D:2      | Reached skill level 1 in Throwing
   913 | D:2      | Reached XP level 4. HP: 28/28 MP: 4/4
   955 | D:2      | 955 ||| Stepping ~*~*~tactically~*~*~ (stealth).
  1211 | D:2      | Found a blossoming altar of Fedhas.
  1463 | D:2      | Reached skill level 4 in Axes
  1506 | D:2      | 1506 ||| Stepping ~*~*~tactically~*~*~ (hiding).
  1647 | D:2      | 1647 ||| UPGRADING to +0 plate armour.
  1657 | D:2      | 1657 ||| DROPPING +0 scale mail.
  1658 | D:2      | 1658 ||| READING scroll labelled RYMODUPILOD.
  1659 | D:2      | 1659 ||| DRINKING 3 puce potions.
  1701 | D:3      | Noticed Robin
  1707 | D:3      | Reached XP level 5. HP: 31/32 MP: 5/5
  1724 | D:3      | Killed Robin
  1966 | D:3      | Noticed a water moccasin
  1968 | D:3      | 1968 ||| Stepping ~*~*~tactically~*~*~ (stealth).
  1994 | D:3      | HP: 8/32 [water moccasin (2)]
  1995 | D:3      | 1995 ||| DRINKING potion of heal wounds.
  2003 | D:3      | Killed a water moccasin
  2004 | D:3      | Reached skill level 5 in Axes
  2004 | D:3      | Reached XP level 6. HP: 26/37 MP: 6/6
  2137 | D:3      | 2137 ||| Stepping ~*~*~tactically~*~*~ (hiding).
  2139 | D:3      | 2139 ||| Stepping ~*~*~tactically~*~*~ (hiding).
  2327 | D:3      | Found a shimmering altar of Xom.
  2356 | D:3      | 2356 ||| READING scroll of enchant armour.
  2356 | D:3      | 2356 ||| ENCHANTING +0 pair of boots.
  2870 | D:3      | 2870 ||| UPGRADING to +0 helmet.
  2875 | D:3      | 2875 ||| READING scroll labelled SIURREZADO.
  2876 | D:3      | 2876 ||| READING scroll labelled ZERGHE LUOSASTY.
  2902 | D:3      | 2902 ||| DRINKING 2 grey potions.
  2962 | D:4      | Found Ytuar's General Store.
  2971 | D:4      | 2971 ||| SHOPLISTING +18 shield of the Gong {Loud rN+ Will+
                  | rCorr EV-5} (1054 gold, have 131).
  2971 | D:4      | 2971 ||| BUYING 2 potions of attraction (66 gold).
  2971 | D:4      | Bought 2 potions of attraction for 66 gold pieces
  2971 | D:4      | 2971 ||| BUYING potion of lignification (33 gold).
  2971 | D:4      | Bought a potion of lignification for 33 gold pieces
  2971 | D:4      | 2971 ||| BUYING scroll of identify (22 gold).
  2971 | D:4      | Bought a scroll of identify for 22 gold pieces
  2971 | D:4      | 2971 ||| SHOPLISTING scroll of teleportation (33 gold, have
                  | 10).
  3033 | D:4      | 3033 ||| Stepping ~*~*~tactically~*~*~ (stealth).
  3039 | D:4      | 3039 ||| Stepping ~*~*~tactically~*~*~ (stealth).
  3040 | D:4      | 3040 ||| Stepping ~*~*~tactically~*~*~ (stealth).
  3053 | D:4      | Noticed an orc warrior
  3075 | D:4      | HP: 3/38 [orc warrior/+0 battleaxe (11)]
  3079 | D:4      | Mangled by an orc warrior

Levels and vault maps discovered:
D:1:      dpeg_arrival_simpleton_b, layout_loops_ring
D:2:      minmay_angry_zag, layout_loops_ring, basic_altar
D:3:      layout_loops_corners, old_standard_altar, uniq_robin,
          uniq_crazy_yiuf_cottage
D:4:      layout_basic, serial_shops, shop, eino_tiny_chamber,
          minmay_manual_mess

Skill      XL: |  1  2  3  4  5  6 |
---------------+-------------------+-----
Axes           | 2 3 4 5 |  5.5
Throwing       | 1 |  1.0
Fighting       | 4 |  4.0
Armour         | |  3.2
Shields        | |  3.2

Action                     |  1- 3 |  4- 6 || total
---------------------------+-------+-------++-------
  Melee: War axe           |    83 |   165 ||   248
  Throw: Javelin           |    21 |    29 ||    50
    Use: Scroll            |     5 |     4 ||     9
         Potion            |     2 |     3 ||     5
 Armour: Scale mail        |    57 |    22 ||    79
         Plate armour      |       |   118 ||   118
  Dodge: Dodged            |    47 |    59 ||   106
  Block: Buckler           |    11 |    32 ||    43

Table legend:
 A = Non-vault XP
 B = Vault XP
 C = Vault XP percentage of total XP
 D = Non-vault monster count
 E = Vault monster count
 F = Vault count percentage of total count
                 A         B        C        D         E       F
            +---------+---------+-------+---------+---------+-------
      Total |     371 |      81 |  17.9 |      72 |      21 |  22.6
            +---------+---------+-------+---------+---------+-------
        D:1 |      57 |       0 |   0.0 |      33 |       0 |   0.0
        D:2 |      67 |      25 |  27.2 |      18 |       6 |  25.0
        D:3 |     197 |      35 |  15.1 |      18 |      11 |  37.9
        D:4 |      50 |      21 |  29.6 |       3 |       4 |  57.1
            +---------+---------+-------+---------+---------+-------
